 Dungeon Crawl Stone Soup version 0.29-a0-311-gcbd9eb2193 (webtiles) character file.

Game seed: 1666961986871192828

1716 Inarius the Covert (level 8, 0/36 HPs)
             Began as a Felid Chaos Knight on Mar 28, 2022.
             Was a Plaything of Xom.
             Slain by a gnoll sergeant
             ... wielding a +0 spear
              (7 damage)
             ... on level 9 of the Dungeon.
             The game lasted 00:15:40 (9522 turns).

Inarius the Covert (Felid Chaos Knight)             Turns: 9522, Time: 00:15:41

Health: 0/36       AC:  4    Str:  9    XL:     8   Next: 74%
Magic:  14/14      EV: 23    Int: 17    God:    Xom [......]
Gold:   530        SH:  5    Dex: 19    Spells: 9/14 levels left
                                        Lives:  0   Deaths: 2

rFire   + + .      SeeInvis +     - Unarmed
rCold   . . .      Faith    .   (shield unavailable)
rNeg    . . .      Spirit   .   (body armour unavailable)
rPois   +          Reflect  +   (helmet unavailable)
rElec   .          Harm     .   (cloak unavailable)
rCorr   +          Rampage  +   (gloves unavailable)
Will    +....      Rage     1%  (boots unavailable)
Stlth   +++++.....              D - amulet "Ycugied" {Reflect Rampage rPois rCorr Str-5 SH+5}
HPRegen 0.12/turn               e - +6 ring of strength
MPRegen 0.14/turn               u - ring of protection from fire

@: quick
A: very small, claws 1, fangs 3, see invisible, speed 1, shaggy fur 2, stealthy
paws, no weapons or thrown items, no armour, multi-lived, horns 1, iridescent
scales 1, berserk 1, clever 1, fire resistance 1, screaming 1, wild magic 2
a: Renounce Religion


You were on level 9 of the Dungeon.
You worshipped Xom.
You were a very special plaything of Xom.
You visited 1 branch of the dungeon, and saw 9 of its levels.
You also visited: Ossuary.

You collected 566 gold pieces.
You spent 36 gold pieces at shops.

Inventory:

Jewellery
 e - a +6 ring of strength (left paw)
 h - an amulet of guardian spirit
 u - a ring of protection from fire (right paw)
 y - a ring of protection from fire
 D - the amulet "Ycugied" (around neck) {Reflect Rampage rPois rCorr Str-5 SH+5}
   (You found it on level 7 of the Dungeon)

   [amulet of reflection]

   It reflects blocked missile attacks.
   Str:       It affects your strength (-5).
   rPois:     It protects you from poison.
   rCorr:     It protects you from acid and corrosion.
   SH:        It affects your SH (+5).
   Rampage:   It bestows one free step when moving towards enemies.
 E - a ring of fire
Wands
 w - a wand of digging (2)
 z - a wand of acid (7)
 C - a wand of mindburst (20)
 I - a wand of polymorph (7)
 J - a wand of flame (30)
 L - a wand of iceblast (10)
Scrolls
 d - a scroll of noise
 g - 4 scrolls of immolation
 i - 2 scrolls of magic mapping
 j - a scroll of blinking
 k - 4 scrolls of teleportation
 n - 4 scrolls of fog
 x - a scroll of enchant weapon {unknown}
 B - 2 scrolls of vulnerability
 F - a scroll of amnesia {unknown}
 G - a scroll of holy word {unknown}
 H - a scroll of enchant armour {unknown}
 K - 2 scrolls of identify
Potions
 b - 3 potions of resistance {unknown}
 c - a potion of invisibility
 f - 3 potions of attraction
 l - 3 potions of curing
 m - a potion of berserk rage {unknown}
 o - 3 potions of mutation {unknown}
 p - 5 potions of cancellation {unknown}
 q - a potion of heal wounds {unknown}
 r - 3 potions of brilliance {unknown}
 s - 2 potions of degeneration {unknown}
 t - a potion of ambrosia {unknown}
 v - a potion of lignification {unknown}
 A - 2 potions of flight {unknown}
Miscellaneous
 a - a piece from Xom's chessboard (11/15) (quivered)


   Skills:
 + Level 4.5 Fighting
 * Level 8.5 Dodging
 + Level 10.0 Stealth
 + Level 9.4 Unarmed Combat
 * Level 3.6 Spellcasting
 * Level 2.9 Translocations
 * Level 4.0 Transmutations
 * Level 5.3 Evocations


You had 9 spell levels left.
You knew the following spells:

 Your Spells              Type           Power      Damage    Failure   Level
a - Wereblood             Tmut           27%        N/A       12%         2
b - Teleport Other        Tloc           20%        N/A       28%         3

Your spell library contained the following spells:

 Spells                   Type           Power      Damage    Failure   Level
 Beastly Appendage        Tmut           54%        N/A       9%          1
 Passwall                 Tmut/Erth      12%        N/A       22%         2
 Gell's Gravitas          Tloc           20%        N/A       28%         3
 Sandblast                Erth           8%         2d5       32%         1
 Spider Form              Tmut/Pois      15%        N/A       38%         3
 Poisonous Vapours        Pois/Air       8%         N/A       43%         2
 Confusing Touch          Hex            4%         N/A       63%         3
 Mephitic Cloud           Conj/Pois/Air  4%         N/A       63%         3
 Stone Arrow              Conj/Erth      8%         3d7       63%         3
 Ice Form                 Ice/Tmut       15%        N/A       73%         4
 Hailstorm                Conj/Ice       4%         3d4       94%         4
 Yara's Violent Unravell  Hex/Tmut       7%         3d5       96%         5
 Dispersal                Tloc           10%        N/A       100%        6
 Eringya's Noxious Bog    Tmut/Pois      7%         N/A       100%        6
 Simulacrum               Ice/Necr       2%         N/A       100%        6
 Enfeeble                 Hex            2%         N/A       100%        7


Dungeon Overview and Level Annotations

Branches:
Dungeon (9/15)             Temple (0/1) D:4             Orc (0/2) D:9
Ossuary (visited)
   Lair: D:8-11

Altars:
Cheibriados
Elyvilon
Nemelex Xobeh
Okawaru
Ru
Sif Muna
Trog
Wu Jian
Xom
Yredelemnul
The Shining One

Shops:
D:3 !   D:5 :


Innate Abilities, Weirdness & Mutations

You have sharp claws.
You have razor-sharp teeth.
You have supernaturally acute eyesight. (SInv)
You cover ground quickly. (Speed+)
You are covered in thick fur. (AC +2)
Your paws help you pounce on unaware monsters.
You are incapable of wielding weapons or throwing items.
You cannot wear armour.
You gain extra lives every three experience levels.
You have a pair of small horns on your head.
You are partially covered in iridescent scales. (AC +2)
You tend to lose your temper in combat.
Your mind is acute. (Int +2)
Your flesh is heat resistant. (rF+)
You occasionally shout uncontrollably at your foes.
Your spells are harder to cast, but more powerful.


Message History

Unknown command.
You bump into the rock wall.
Xom's power touches on a nearby monster.
The gnoll sergeant suddenly seems more resistant.
The gnoll hits the gnoll with a +0 whip!
The gnoll sergeant misses you.
You bump into the rock wall.
The gnoll sergeant hits you from afar with a +0 spear!
Xom decides to rearrange the pieces.
You swap places with the gnoll.
The gnoll looks rather more confused.
Some monsters swap places.
The gnoll looks rather more confused.
The gnoll sergeant closely misses you.
You bump into the rock wall.
The gnoll sergeant closely misses you.
You're too confused to move!
The gnoll sergeant hits you from afar with a +0 spear!
You bump into the rock wall.
You feel less confused.
The gnoll hits itself with a +0 spear.
The gnoll sergeant hits you from afar with a +0 spear!
* * * LOW HITPOINT WARNING * * *
You rampage towards the gnoll sergeant!
You scratch the gnoll sergeant. Your bite misses the gnoll sergeant.
The gnoll sergeant is lightly wounded.
The gnoll hits the gnoll with a +0 spear.
The gnoll sergeant completely misses you.
The gnoll closely misses you.
You scratch the gnoll sergeant but do no damage.
The gnoll sergeant blocks your attack.
The gnoll sergeant is lightly wounded.
You scratch the gnoll sergeant but do no damage.
You bite the gnoll sergeant.
The gnoll sergeant is lightly wounded.
The gnoll closely misses you.
The gnoll sergeant hits you with a +0 spear.
* * * LOW HITPOINT WARNING * * *
You scratch the gnoll sergeant but do no damage.
The gnoll sergeant is lightly wounded.
The gnoll hits the gnoll with a +0 spear.
The gnoll sergeant hits you with a +0 spear!
You die...

*,***,*****,*,* *,*
*,,,,,,,#.#
*,**********#.# *
*,,,,,,,,,,,#.#
###############.#.#
.............>..#.#
#######...#*****#.#
.#<.#...#.#######.#
.##.#.###.)g.ggg@.#
....#...###########
.##.....#
.....####***
###..#,,,,,*
###..#,***,*
.....#,#,*,*
####.#.#.#,*
,###.....#,*


You could see a gnoll sergeant (resistant) and 3 gnolls.

Vanquished Creatures
  A cyclops (D:7)
  A kobold demonologist (D:7)
  A hornet (D:9)
  A wraith (D:7)
  A steam dragon (D:8)
  An acid dragon (shapeshifter) (D:4)
  3 water moccasins (D:7)
  An orc warrior (D:7)
  3 black bears
  A sky beast (D:5)
  3 ogres
  2 centaurs
  2 kobold brigands
  A lemure (D:5)
  A gnoll sergeant (D:8)
  2 bullfrogs (D:7)
  3 necrophages
  12 scorpions
  6 wights
  4 killer bees (D:8)
  2 howler monkeys
  3 centaur zombies (Ossuary)
  An orc priest (D:6)
  3 human zombies (Ossuary)
  A gnoll shaman (D:7)
  4 orc wizards
  4 scorpion zombies (Ossuary)
  2 mummies (Ossuary)
  8 gnolls
  5 adders
  2 white imps
  A worm (D:3)
  A dart slug (D:3)
  19 orcs
  11 bats
  3 endoplasms
  2 giant cockroaches
  3 gnoll zombies (Ossuary)
  2 goblins
  7 hobgoblins
  5 quokkas
  6 ball pythons
  2 frilled lizards (D:1)
  2 goblin zombies (Ossuary)
  4 hobgoblin zombies (Ossuary)
  18 kobolds
  3 kobold zombies (Ossuary)
  An orc zombie (Ossuary)
  6 rats
181 creatures vanquished.

Vanquished Creatures (collateral kills)
  Pikel (D:5)
  An orc wizard (D:4)
  An orc (D:4)
  2 hobgoblins (D:4)
5 creatures vanquished.

Vanquished Creatures (others)
  2 orcs (D:3)
  A fungus (D:7)
3 creatures vanquished.

Grand Total: 189 creatures vanquished

Notes
Turn   | Place    | Note
-------+----------+-------------------------------------------
     0 | D:1      | Inarius the Felid Chaos Knight began the quest for the Orb.
     0 | D:1      | Reached XP level 1. HP: 10/10 MP: 2/2
   163 | D:1      | XOM: silly message
   193 | D:1      | XOM: 3-stop teleportation journey
   312 | D:1      | Reached skill level 1 in Stealth
   312 | D:1      | Reached XP level 2. HP: 14/14 MP: 3/3
   313 | D:1      | XOM: cast spell 'Dispersal'
   325 | D:1      | XOM: give mutations
   325 | D:1      | Gained mutation: Your mind is acute. (Int +2) [Xom's grace]
   325 | D:1      | Gained mutation: Your skin changes colour to match your
                  | surroundings (Stealth+). [Xom's grace]
   325 | D:1      | Gained mutation: You are robust. (+10% HP) [Xom's grace]
   325 | D:1      | Gained mutation: Your spells are a little harder to cast,
                  | but a little more powerful. [Xom's grace]
   409 | D:1      | XOM: 3-stop teleportation journey
   412 | D:1      | Reached skill level 1 in Evocations
   476 | D:1      | XOM: god gift: smoky coppery potion {god gift}
   567 | D:1      | XOM: cloud trail
   794 | D:1      | Reached XP level 3. HP: 18/18 MP: 4/4
  1088 | D:1      | XOM: scenery: summon butterflies
  1317 | D:2      | Reached skill level 2 in Stealth
  1431 | D:2      | Reached XP level 4. HP: 23/23 MP: 5/5
  1621 | D:2      | Found a faded altar of an unknown god.
  1695 | D:2      | Reached skill level 3 in Stealth
  1868 | D:2      | XOM is BORED!
  1902 | D:2      | XOM: summons 1 hostile demon
  2100 | D:2      | Identified the +1 plate armour of the Realm of Zot {rPois
                  | rCorr Stlth+}
  2272 | D:3      | Found Beydwueq's Distillery.
  2277 | D:3      | Bought a potion of curing for 36 gold pieces
  2291 | D:3      | XOM: 1-stop teleportation journey
  2694 | D:3      | XOM: butterfly on damage
  2969 | D:3      | Found a snail-covered altar of Cheibriados.
  3045 | D:3      | XOM: give mutations
  3045 | D:3      | Lost mutation: You are robust. (+10% HP) [Xom's mischief]
  3045 | D:3      | Gained mutation: You occasionally shout uncontrollably at
                  | your foes. [Xom's mischief]
  3159 | D:4      | XOM: stealth player
  3215 | D:4      | XOM: 3-stop teleportation journey
  3276 | D:4      | Reached XP level 5. HP: 24/24 MP: 6/6
  3299 | D:4      | Found a staircase to the Ecumenical Temple.
  3416 | D:4      | Reached skill level 4 in Stealth
  3723 | D:4      | Noticed a shapeshifter
  3723 | D:4      | a hound changed into a shapeshifter
  3723 | D:4      | XOM: polymorph hound -> shapeshifter
  3723 | D:4      | Noticed a hornet
  3723 | D:4      | a shapeshifter changed into a hornet
  3725 | D:4      | XOM: confuse monster(s)
  3730 | D:4      | Noticed an acid dragon
  3730 | D:4      | a hornet changed into an acid dragon
  3731 | D:4      | XOM: cast spell 'Leda's Liquefaction'
  3732 | D:4      | XOM: summons 2 friendly demons
  3735 | D:4      | Killed an acid dragon
  3736 | D:4      | Reached skill level 5 in Stealth
  3736 | D:4      | Gained mutation: You are covered in thick fur. (AC +2)
                  | [Felid growth]
  3736 | D:4      | Reached XP level 6. HP: 15/28 MP: 7/7
  4087 | D:5      | Entered Level 5 of the Dungeon
  4087 | D:5      | Found Xefeps's Book Shoppe.
  4096 | D:5      | Learned a level 2 spell: Wereblood
  4162 | D:5      | Noticed a sky beast
  4167 | D:5      | Killed a sky beast
  4217 | D:5      | Reached skill level 6 in Stealth
  4217 | D:5      | Reached skill level 1 in Transmutations
  4219 | D:5      | XOM: enchant monster (good)
  4273 | D:5      | XOM: butterfly on damage
  4278 | D:5      | XOM: potion effect (heal wounds)
  4289 | D:5      | Reached skill level 1 in Spellcasting
  4289 | D:5      | Reached XP level 7. HP: 20/31 MP: 9/9
  4575 | D:5      | Reached skill level 5 in Unarmed Combat
  4888 | D:5      | Noticed Pikel
  5202 | D:5      | Killed Pikel
  5203 | D:5      | Reached skill level 5 in Dodging
  5203 | D:5      | Reached skill level 7 in Stealth
  5203 | D:5      | Reached XP level 8. HP: 24/36 MP: 10/12
  5314 | D:5      | Found a bloodstained altar of Trog.
  5314 | D:5      | Found an ornate altar of the Wu Jian Council.
  5321 | D:5      | Found a faded altar of an unknown god.
  5323 | D:5      | Found a glowing golden altar of the Shining One.
  5325 | D:5      | Found a faded altar of an unknown god.
  5426 | D:6      | Identified the +1 kite shield of Death's Door {rC+ rN+
                  | Int+2}
  5456 | D:6      | XOM: god gift: chain mail {god gift}
  5478 | D:6      | XOM: chaos upgrade
  5532 | D:6      | Identified a scroll of acquirement
  5532 | D:6      | Acquired an amulet of guardian spirit
  5560 | D:6      | XOM: enchant monster (bad)
  5562 | D:6      | Reached skill level 8 in Stealth
  5568 | D:6      | XOM: summons friendly crimson imp
  5569 | D:6      | XOM: confuse monster(s)
  5617 | D:6      | Found a sand-covered staircase.
  5624 | Ossuary  | Entered an ossuary
  5891 | Ossuary  | XOM: confuse monster(s)
  6027 | Ossuary  | Reached XP level 9. HP: 26/39 MP: 7/14
  6510 | D:6      | XOM: 7-stop teleportation journey
  6769 | D:7      | Noticed a kobold demonologist
  6770 | D:7      | Noticed a cyclops
  6775 | D:7      | XOM: potion effect (might)
  6779 | D:7      | Noticed a soul eater
  6781 | D:7      | Killed a kobold demonologist
  6782 | D:7      | Reached skill level 9 in Stealth
  6782 | D:7      | Killed a cyclops
  6811 | D:7      | XOM: 3-stop teleportation journey
  7075 | D:7      | Got the Compendium of Contamination
  7088 | D:7      | Identified the amulet "Ycugied" {Reflect Rampage rPois
                  | rCorr Str-5 SH+5}
  7666 | D:7      | XOM: cast spell 'Call Canine Familiar'
  7678 | D:7      | Reached XP level 10. HP: 23/43 MP: 15/15
  7691 | D:7      | Reached skill level 5 in Evocations
  8110 | D:7      | You fall into a shaft and drop 2 floors!
  8162 | D:8      | Found the +4 robe of Augmentation {Str+4 Int+4 Dex+4}
  8226 | D:7      | XOM: god gift: book of the Tundra
  8232 | D:7      | Learned a level 3 spell: Teleport Other
  8269 | D:7      | XOM: give mutations
  8269 | D:7      | Gained mutation: You have a pair of small horns on your
                  | head. [Xom's grace]
  8269 | D:7      | Gained mutation: Your spells are harder to cast, but more
                  | powerful. [Xom's grace]
  8269 | D:7      | Gained mutation: You possess an exceptional clarity of
                  | mind. [Xom's grace]
  8269 | D:7      | Gained mutation: You have a pair of horns on your head.
                  | [Xom's grace]
  8328 | D:7      | Found a sacrificial altar of Ru.
  8374 | D:7      | XOM: god gift: scroll of immolation
  8405 | D:7      | XOM: give mutations
  8405 | D:7      | Gained mutation: Your spells are much harder to cast, but
                  | much more powerful. [Xom's mischief]
  8405 | D:7      | Lost mutation: Your spells are much harder to cast, but
                  | much more powerful. [Xom's mischief]
  8405 | D:7      | Lost mutation: You possess an exceptional clarity of mind.
                  | [Xom's mischief]
  8405 | D:7      | Gained mutation: You are partially covered in iridescent
                  | scales. (AC +2) [Xom's mischief]
  8570 | D:8      | Reached skill level 1 in Translocations
  8572 | D:8      | XOM: scenery: create altars
  8587 | D:8      | Found a white marble altar of Elyvilon.
  8592 | D:8      | Found a sparkling altar of Nemelex Xobeh.
  8593 | D:8      | Found an iron altar of Okawaru.
  8593 | D:8      | Found a basalt altar of Yredelemnul.
  8610 | D:8      | XOM: cloud trail
  8660 | D:8      | XOM: enchant monster (good)
  8663 | D:8      | Slain by a gnoll sergeant
  8664 | D:8      | Reached XP level 9. HP: -2/39 MP: 14/15
  8684 | D:8      | Reached skill level 10 in Stealth
  8687 | D:8      | Slain by a gnoll sergeant
  8688 | D:8      | Reached XP level 8. HP: -4/36 MP: 14/14
  8889 | D:8      | XOM: smoke on damage
  8988 | D:7      | XOM: silly message
  9132 | D:8      | XOM: chaos upgrade
  9207 | D:8      | XOM: give mutations
  9207 | D:8      | Lost mutation: You have a pair of horns on your head.
                  | [Xom's mischief]
  9207 | D:8      | Gained mutation: You tend to lose your temper in combat.
                  | [Xom's mischief]
  9207 | D:8      | Lost mutation: Your skin changes colour to match your
                  | surroundings (Stealth+). [Xom's mischief]
  9207 | D:8      | Gained mutation: Your flesh is heat resistant. (rF+) [Xom's
                  | mischief]
  9466 | D:8      | Found a shimmering blue altar of Sif Muna.
  9511 | D:9      | XOM: confusion (+ monsters)
  9512 | D:9      | XOM: enchant monster (bad)
  9514 | D:9      | XOM: swap monsters
  9522 | D:9      | Slain by a gnoll sergeant

Illustrated notes

Levels and vault maps discovered:
D:1:      lemuel_arrival_room, layout_basic
D:2:      layout_basic, dreamdust_ecumenical_altar_statues,
          guppyfry_early_lair_pool
D:3:      wander_river, layout_loops_ring, kennysheep_slug_shrine, serial_shops,
          shop
D:4:      layout_loops_corners, minmay_temple_entry_slanted
D:5:      layout_basic, chequers_temple_overflow_minitemple,
          nicolae_stop_n_shop_1, uniq_pikel
D:6:      layout_gridville, nicolae_ossuary_entry_monument
D:7:      minmay_the_grid_octo_2x2 [minmay_the_grid_octo_odd_swirl,
          minmay_the_grid_octo_chip, minmay_the_grid_octo_empty,
          minmay_the_grid_octo_prize_big_c], layout_loops_corners,
          nicolae_ru_the_path_less_chosen
D:8:      layout_cave_pools, lemuel_coloured_pillars_altar,
          grunt_temple_overflow_open
D:9:      layout_basic, mainiacjoe_overflow_chevrons, evilmike_ruin_ashenzari,
          orc_0_dummy, special_room [special_room_bee], uniq_gastronok

Skill      XL: |  1  2  3  4  5  6  7  8  9 10 |
---------------+-------------------------------+-----
Stealth        | 1 2 3 5 6 7 8 10 | 10.0
Evocations     | 1 2 3 4 5 |  5.3
Unarmed Combat | 4 5 6 9 |  9.4
Dodging        | 4 5 6 8 |  8.5
Transmutations | 1 2 4 |  4.0
Spellcasting   | 1 2 3 |  3.6
Fighting       | 4 |  4.5
Translocations | 2 1 |  2.9

Action                   |  1- 3 |  4- 6 |  7- 9 | 10-12 || total
-------------------------+-------+-------+-------+-------++-------
Melee: Unarmed           |    71 |   112 |   316 |    51 ||   550
       Bite              |     3 |    13 |    52 |     2 ||    70
       Punch             |     3 |     4 |    16 |     3 ||    26
       Headbutt          |       |       |    12 |     6 ||    18
 Cast: Wereblood         |       |       |     7 |     3 ||    10
Evoke: Piece from Xom's  |     1 |     8 |    14 |       ||    23
       Wand              |       |       |     9 |       ||     9
  Use: Scroll            |       |     3 |     9 |     1 ||    13
       Potion            |       |       |     3 |       ||     3
 Stab: Confused          |     1 |     1 |     2 |       ||     4
       Sleeping          |     7 |    15 |     8 |     8 ||    38
       Distracted        |     1 |     2 |     1 |       ||     4
       Petrified         |       |     4 |     1 |     1 ||     6
       Paralysed         |       |       |     1 |       ||     1
       Invisible         |       |       |     1 |       ||     1
Armor: Skin              |     6 |     4 |    21 |       ||    31
Dodge: Dodged            |    45 |    68 |   305 |    55 ||   473
Block: Other             |       |       |    15 |    15 ||    30

Table legend: (Time is in decaauts)
 A = Elapsed time spent in this place.
 B = Non-inter-level travel time spent in this place.
 C = Inter-level travel time spent in this place.
 D = Time resting spent in this place.
 E = Time spent auto-exploring this place.
 F = Levels seen in this place.
 G = Mean time per level.
                   A        B        C        D        E       F      G
               +--------+--------+--------+--------+--------+-----+--------+
         Total |   8375 |   8157 |    218 |   1933 |   4458 |  10 |  837.5 |
       Dungeon |   7660 |   7442 |    218 |   1669 |   4258 |   9 |  851.1 |
       Ossuary |    714 |    714 |      0 |    263 |    199 |   1 |  714.0 |
               +--------+--------+--------+--------+--------+-----+--------+

Top non-repeatable levels by time:
     D:7: 1611 daAuts
     D:1: 1196 daAuts
     D:5: 1182 daAuts
     D:2: 891 daAuts
     D:4: 775 daAuts
 Ossuary: 714 daAuts
     D:3: 688 daAuts
     D:8: 660 daAuts
     D:6: 594 daAuts
     D:9: 61 daAuts
